 Dungeon Crawl Stone Soup version 0.30-a0-1114-gd936c97349 (webtiles) character file.

Game seed: 2086659958225584962

917 sampeng1 the Chopper (level 8, -4/61 HPs)
             Began as a Human Cinder Acolyte on Apr 21, 2023.
             Was a High Priest of Ignis.
             Slain by an iguana (10 damage)
             ... on level 6 of the Dungeon.
             The game lasted 00:35:05 (5701 turns).

sampeng1 the Chopper (Human Cinder Acolyte)         Turns: 5701, Time: 00:35:06

Health: -4/61      AC:  9    Str: 16    XL:     8   Next: 31%
Magic:  13/13      EV: 11    Int: 16    God:    Ignis [*****.]
Gold:   180        SH:  0    Dex:  8    Spells: 11/13 levels left

rFire   + . .      SeeInvis .    a - +0 hand axe (flame)
rCold   . . .      Faith    .    (no shield)
rNeg    . . .      Spirit   .    v - +0 ring mail
rPois   .          Reflect  .    i - +0 helmet
rElec   .          Rampage  .    t - +0 cloak
rCorr   +                        o - +0 pair of gloves
Will    .....                    d - +0 pair of boots
Stlth   +                        (no amulet)
HPRegen 0.30/turn                c - ring of resist corrosion
MPRegen 0.13/turn                (no ring)

@: no status effects
A: no striking features
a: Renounce Religion, Fiery Armour, Foxfire Swarm


You were on level 6 of the Dungeon.
You worshipped Ignis.
Ignis was extremely pleased with you.
You visited 1 branch of the dungeon, and saw 6 of its levels.

You collected 290 gold pieces.
You spent 110 gold pieces at shops.

Inventory:

Hand Weapons
 a - a +0 hand axe of flaming (weapon)
 l - a +1 sling
 y - a +5 dire flail of holy wrath
Missiles
 j - 69 stones (quivered)
Armour
 b - a +0 robe
 d - a +0 pair of boots (worn)
 i - a +0 helmet (worn)
 o - a +0 pair of gloves (worn)
 p - a +0 leather armour
 t - a +0 cloak (worn)
 v - a +0 ring mail (worn)
Magical Staves
 g - a staff of cold
Jewellery
 c - a ring of resist corrosion (left hand)
Scrolls
 h - 2 scrolls of vulnerability
 m - a scroll of teleportation
 n - 2 scrolls of poison
 q - a scroll of blinking
 u - a scroll of amnesia
 x - a scroll of noise {unknown}
Potions
 e - 2 potions of flight
 k - a potion of attraction
 r - a potion of cancellation {unknown}
 s - a potion of lignification {unknown}
 w - a potion of berserk rage {unknown}


   Skills:
 + Level 4.6 Fighting
 + Level 5.3 Axes
 - Level 0.1 Throwing
 - Level 2.2 Armour
 - Level 2.8 Dodging
 - Level 1.0 Stealth
 + Level 3.3 Spellcasting
 + Level 4.9 Fire Magic


You had 11 spell levels left.
You knew the following spells:

 Your Spells              Type           Power      Damage    Failure   Level
a - Scorch                Fire           36%        2d6       7%          2

Your spell library contained the following spells:

 Spells                   Type           Power      Damage    Failure   Level
 Magic Dart               Conj           8%         1d3       32%         1
 Call Imp                 Summ           4%         N/A       45%         2
 Mephitic Cloud           Conj/Pois/Air  2%         N/A       69%         3


Dungeon Overview and Level Annotations

Branches:
Dungeon (6/15)
 Temple: D:4-7

Altars:
Cheibriados
Nemelex Xobeh

Shops:
D:2 :   D:3 !


Message History

You feel less confused.
A gnoll comes into view. It is wielding a +0 whip.
You hear some strange, mumbled words.
A puff of flame appears from out of thin air!
The puff of flame misses you. The orc hits you but does no damage.
The gnoll moves out of view.
You hit the orc. You burn the orc.
The orc is almost dead.
You closely miss something. Something hits you but does no damage.
The orc hits you with a +0 dagger.
* * * LOW HITPOINT WARNING * * *
You barely miss the orc.
The orc is almost dead.
You miss something. Something hits you but does no damage.
The orc hits you but does no damage.
You hit the orc. You burn the orc.
You kill the orc!
You miss something. Something hits you but does no damage.
You hit the gnoll but do no damage. You miss something.
Your attacks no longer feel as feeble.
The gnoll hits you with a +0 whip.
* * * LOW HITPOINT WARNING * * *
Something hits you.
* * * LOW HITPOINT WARNING * * *
You slash the gnoll! You burn the gnoll.
The gnoll is severely wounded.
You hit something. You burn something. The gnoll hits you with a +0 whip.
* * * LOW HITPOINT WARNING * * *
Something hits you but does no damage.
You slash the gnoll! You burn the gnoll.
You kill the gnoll!
You miss something. Something hits you but does no damage.
You barely miss the orc. You hit something. You burn something.
Reactivating autopickup.
You feel a bit more experienced. The orc misses you.
It was a potion of magic.
Magic courses through your body. The orc hits you with a +0 flail.
* * * LOW HITPOINT WARNING * * *
The iguana bites you!
You die...

### ..... ....
..... .....
...... #....
...... ###...
......# ###).#
.......###o@.#
.......#cgl###
>......gg###
.......###
.....## ...#
.#


You could see a centaur, a gnoll bouda, an iguana, 2 gnolls and an orc.

Vanquished Creatures
  Sigmund (D:5)
  Edmund (D:5)
  An ogre (D:4)
  A howler monkey (D:5)
  A hound (D:4)
  A jelly (D:5)
  A sleepcap (D:5)
  A gnoll bouda (D:6)
  2 iguanas
  3 orc wizards
  Robin (D:4)
  9 adders
  6 gnolls (D:6)
  An ufetubus (D:5)
  A worm (D:2)
  3 dart slugs
  9 orcs
  9 ball pythons
  10 bats
  3 endoplasms
  5 giant cockroaches
  15 goblins
  7 hobgoblins
  8 jackals
  9 kobolds
  5 quokkas
  3 frilled lizards
  5 rats
122 creatures vanquished.

Vanquished Creatures (others)
  A quokka (D:2)
1 creature vanquished.

Grand Total: 123 creatures vanquished

Notes
Turn   | Place    | Note
-------+----------+-------------------------------------------
     0 | D:1      | sampeng1 the Human Cinder Acolyte began the quest for the
                  | Orb.
     0 | D:1      | Reached XP level 1. HP: 18/18 MP: 2/2
    41 | D:1      | Reached XP level 2. HP: 20/24 MP: 3/3
   124 | D:1      | Learned a level 2 spell: Scorch
   775 | D:1      | Reached XP level 3. HP: 26/29 MP: 4/4
  1257 | D:2      | Reached skill level 1 in Dodging
  1257 | D:2      | Reached XP level 4. HP: 25/35 MP: 3/6
  1445 | D:2      | Found a sparkling altar of Nemelex Xobeh.
  1586 | D:2      | Found Keez's Book Boutique.
  2062 | D:2      | Reached XP level 5. HP: 34/41 MP: 7/7
  2508 | D:3      | Reached skill level 4 in Axes
  2746 | D:3      | Found Karaf's Distillery.
  2749 | D:3      | Bought a potion of heal wounds for 55 gold pieces
  2749 | D:3      | Bought a potion of heal wounds for 55 gold pieces
  3011 | D:3      | Found a faded altar of an unknown god.
  3363 | D:4      | Noticed Robin
  3375 | D:4      | Reached XP level 6. HP: 38/47 MP: 9/9
  3409 | D:4      | Killed Robin
  3567 | D:4      | Noticed an ogre
  3576 | D:4      | Killed an ogre
  3577 | D:4      | Reached skill level 1 in Armour
  3781 | D:4      | Found a snail-covered altar of Cheibriados.
  4164 | D:4      | Reached XP level 7. HP: 50/53 MP: 7/10
  4401 | D:5      | Entered Level 5 of the Dungeon
  4599 | D:5      | Reached skill level 1 in Stealth
  5277 | D:5      | Noticed Sigmund
  5311 | D:5      | Killed Sigmund
  5327 | D:5      | Noticed Edmund
  5347 | D:5      | Killed Edmund
  5348 | D:5      | Reached skill level 5 in Axes
  5348 | D:5      | Reached XP level 8. HP: 23/61 MP: 2/12
  5701 | D:6      | Slain by an iguana

Illustrated notes

Levels and vault maps discovered:
D:1:      minmay_arrival_solitary_statue, layout_basic
D:2:      layout_loops_corners, serial_shops, nicolae_shop_trees, basic_altar,
          reono_crystal_passage
D:3:      layout_loops_corners, ebering_ecumenical_altar_sacrificial,
          serial_shops, nicolae_shop_real_fake_doors
D:4:      layout_basic, kennysheep_slug_shrine, uniq_robin
D:5:      layout_loops_corners, sigmund_edmund_badplayer
D:6:      layout_cave_pods, minmay_temple_entry_waves, serial_shops, shop,
          roderic_roman_lattice, uniq_duvessa

Skill      XL: |  1  2  3  4  5  6  7 |
---------------+----------------------+-----
Dodging        | 1 2 |  2.8
Spellcasting   | 2 3 |  3.3
Axes           | 4 5 |  5.3
Armour         | 1 2 |  2.2
Stealth        | 1 |  1.0
Fire Magic     | 4 |  4.9
Fighting       | 4 |  4.6
Throwing       | |  0.1

Action                     |  1- 3 |  4- 6 |  7- 9 || total
---------------------------+-------+-------+-------++-------
  Melee: Hand axe          |    86 |   229 |   141 ||   456
         Punch             |       |       |     4 ||     4
  Throw: Stone             |       |     1 |       ||     1
   Cast: Scorch            |     7 |    16 |    15 ||    38
 Invoke: Rising Flame      |       |     1 |       ||     1
    Use: Scroll            |     3 |     6 |     3 ||    12
         Potion            |     1 |     3 |     4 ||     8
 Armour: Robe              |    43 |    28 |       ||    71
         Leather armour    |       |    69 |       ||    69
         Ring mail         |       |     2 |    72 ||    74
  Dodge: Dodged            |    77 |   131 |    67 ||   275

Table legend: (Time is in decaauts)
 A = Elapsed time spent in this place.
 B = Non-inter-level travel time spent in this place.
 C = Inter-level travel time spent in this place.
 D = Time resting spent in this place.
 E = Time spent auto-exploring this place.
 F = Levels seen in this place.
 G = Mean time per level.
                   A        B        C        D        E       F      G
               +--------+--------+--------+--------+--------+-----+--------+
         Total |   5743 |   5589 |    154 |    128 |   3639 |   6 |  957.2 |
       Dungeon |   5743 |   5589 |    154 |    128 |   3639 |   6 |  957.2 |
               +--------+--------+--------+--------+--------+-----+--------+

Top non-repeatable levels by time:
     D:2: 1459 daAuts
     D:5: 1255 daAuts
     D:1: 1048 daAuts
     D:4: 1047 daAuts
     D:3: 880 daAuts
     D:6: 52 daAuts
